 Dungeon Crawl Stone Soup version 0.29.1-15-g9cfb28693d (webtiles) character file.

Game seed: 12166363272502587546

81 Gustavia the Sneak (level 4, -8/23 HPs)
             Began as a Spriggan Brigand on Mar 7, 2023.
             Mangled by Grinder (9 damage)
             ... on level 3 of the Dungeon.
             The game lasted 00:11:32 (3304 turns).

Gustavia the Sneak (Spriggan Brigand)               Turns: 3304, Time: 00:11:32

Health: -8/23      AC:  6    Str:  6 (7)  XL:     4   Next: 20%
Magic:  5/5        EV: 18    Int: 17 (18) God:
Gold:   80         SH:  0    Dex: 18      Spells: 3/3 levels left

rFire   . . .      SeeInvis +   f - +2 short sword
rCold   . . .      Faith    .   (no shield)
rNeg    . . .      Spirit   .   g - +2 robe
rPois   .          Reflect  .   (helmet restricted)
rElec   .          Harm     .   c - +1 cloak
rCorr   .          Rampage  .   (gloves unavailable)
Will    .....                   (boots unavailable)
Stlth   ++++......              (no amulet)
HPRegen 0.07/turn               k - +6 ring of intelligence
MPRegen 0.09/turn               (no ring)

@: very quick
A: very small, no large weapons, unfitting armour, see invisible, speed 3
a: no special abilities


You were on level 3 of the Dungeon.
You visited 1 branch of the dungeon, and saw 3 of its levels.

You collected 80 gold pieces.

Inventory:

Hand Weapons
 f - a +2 short sword (weapon)
Missiles
 d - 13 poisoned darts (quivered)
 e - 3 curare-tipped darts
Armour
 c - a +1 cloak (worn)
 g - a +2 robe (worn)
Jewellery
 b - a ring of magical power
 k - a +6 ring of intelligence (left hand)
Wands
 a - a wand of polymorph (3)
Scrolls
 h - a scroll of enchant weapon


   Skills:
 + Level 1.7 Fighting
 + Level 2.8 Short Blades
 + Level 2.0 Throwing
 + Level 3.0 Dodging
 + Level 7.3 Stealth


You had 3 spell levels left.
You didn't know any spells.
Your spell library contained the following spells:

 Spells                   Type           Power      Damage    Failure   Level
 Conjure Flame            Conj/Fire      0%         6-21      56%         3
 Ignite Poison            Fire/Tmut/Pois 0%         N/A       56%         3
 Inner Flame              Hex/Fire       0%         N/A       56%         3
 Cause Fear               Hex            0%         N/A       93%         4
 Sticky Flame             Conj/Fire      0%         2d3       93%         4
 Discord                  Hex            0%         N/A       100%        8


Dungeon Overview and Level Annotations

Branches:
Dungeon (3/15)

Altars:
Gozag

Annotations:
D:3 Grinder


Innate Abilities, Weirdness & Mutations

You are very small and have problems with some larger weapons.
You are too small for most types of armour.
You have supernaturally acute eyesight. (SInv)
You cover ground extremely quickly. (Speed+++)


Message History

You completely miss Grinder. Grinder closely misses you.
Grinder barely misses you.
You hit Grinder but do no damage. Grinder hits you but does no damage.
You closely miss Grinder. Grinder hits you!
You writhe in agony.
You closely miss Grinder. Grinder gestures at you.
You struggle to resist.
You hit Grinder.
Grinder is lightly wounded.
Grinder barely misses you.
You closely miss Grinder.
Grinder is lightly wounded.
Grinder blinks!
Grinder blinks!
You feel better.
You closely miss Grinder.
Grinder is lightly wounded.
Grinder hits you!
You writhe in agony.
You hit Grinder.
Grinder is lightly wounded.
Grinder hits you.
* * * LOW HITPOINT WARNING * * *
You writhe in agony.
* * * LOW HITPOINT WARNING * * *
Unknown command.
As you read the scroll of enchant weapon, it crumbles to dust.
Your +1 short sword glows red for a moment.
Grinder hits you but does no damage.
You hit Grinder but do no damage.
Grinder is lightly wounded.
You closely miss Grinder.
Grinder is lightly wounded.
Grinder closely misses you.
You hit Grinder.
Grinder is moderately wounded.
Grinder closely misses you.
You hit Grinder.
Grinder is moderately wounded.
Grinder hits you!
You die...

.... #. #... #.
#... .. ... .##
###.###5.#
##.....##.#
####.8...8.#.#
...#.......#5#
#....._...@.#
#!#.......###
#.8...8.#
##.....##
####.###
.##.#.....#####
.$............#
###.###.#####.#
# #.#


You could see Grinder.

Vanquished Creatures
  Jessica (D:2)
  A dart slug (D:2)
  9 ball pythons
  4 bats
  5 endoplasms
  6 goblins
  5 hobgoblins
  3 jackals (D:1)
  A quokka (D:2)
  3 frilled lizards (D:2)
  5 kobolds
  4 rats
47 creatures vanquished.

Vanquished Creatures (others)
  A fungus (D:1)
1 creature vanquished.

Grand Total: 48 creatures vanquished

Notes
Turn   | Place    | Note
-------+----------+-------------------------------------------
     0 | D:1      | Gustavia the Spriggan Brigand began the quest for the Orb.
     0 | D:1      | Reached XP level 1. HP: 10/10 MP: 2/2
    61 | D:1      | Reached skill level 6 in Stealth
   257 | D:1      | Found a faded altar of an unknown god.
   888 | D:1      | Reached XP level 2. HP: 11/14 MP: 3/3
  1861 | D:2      | Reached skill level 7 in Stealth
  2158 | D:2      | Reached XP level 3. HP: 18/18 MP: 4/4
  2327 | D:2      | Noticed Jessica
  2353 | D:2      | Killed Jessica
  2779 | D:2      | Reached XP level 4. HP: 23/23 MP: 5/5
  3270 | D:3      | Found an opulent altar of Gozag.
  3272 | D:3      | Noticed Grinder
  3299 | D:3      | HP: 1/23 [Grinder (5)]
  3304 | D:3      | Mangled by Grinder

Illustrated notes

Levels and vault maps discovered:
D:1:      lemuel_arrival_room, layout_loops_corners,
          shapermc_ecumenical_altar_mp_urbaneastern, minmay_statues_item,
          minmay_tree_intersection
D:2:      layout_basic, grunt_ministairs_1, uniq_jessica
D:3:      layout_loops_corners, grunt_gozag_statues, uniq_grinder

Skill      XL: |  1  2  3  4 |
---------------+-------------+-----
Stealth        | 6 7 |  7.3
Dodging        | 2 3 |  3.0
Fighting       | |  1.7
Short Blades   | |  2.8
Throwing       | |  2.0

Action                   |  1- 3 |  4- 6 || total
-------------------------+-------+-------++-------
Melee: Short sword       |   129 |    40 ||   169
       Dagger            |     6 |       ||     6
       Punch             |     2 |     1 ||     3
  Use: Potion            |    13 |     1 ||    14
       Scroll            |     2 |     2 ||     4
 Stab: Sleeping          |     5 |     2 ||     7
Armor: Robe              |    19 |     5 ||    24
       Skin              |    13 |       ||    13
Dodge: Dodged            |   123 |    37 ||   160
